Map: [ESL] Equilibrium

Players

cyan

  • Race: Protoss Protoss
  • League: Grandmaster
  • Spawn Location: 11:00

DRG - Winner!

  • Race: Zerg Zerg
  • Spawn Location: 1:00

Event: IEM Katowice 2024

VOD

Have the link to the VOD?

Description

Time

  • Played on: Dec. 6, 2023, 6:51 a.m.
  • Length: 10:54

All games in this series

Show
View Real Time Build Order
Export as new Build Order

cyan Protoss 

Build Orders: 1 Gate Expand, Oracle Opening, Zealot Archon 

Get SALT Encoding   

  12  0:00  Probe  
  13  0:12  Probe  
  14  0:17  Pylon  
  14  0:24  Probe (Chrono Boost)  
  14  0:27  Assimilator  
  15  0:36  Probe (Chrono Boost)  
  16  0:42  Gateway  
  16  0:45  Probe (Chrono Boost)  
  17  0:54  Probe  
  18  1:06  Probe  
  19  1:18  Probe  
  19  1:23  Nexus  
  20  1:33  Cybernetics Core  
  20  1:36  Probe  
  21  1:41  Assimilator  
  21  1:48  Probe  
  21  1:51  Pylon  
  22  2:00  Probe  
  23  2:06  Adept (Chrono Boost)  
  23  2:09  Warp Gate  
  23  2:12  Probe  
  26  2:19  Stargate  
  26  2:25  Probe (Chrono Boost)  
  26  2:26  Adept (Chrono Boost)  
  29  2:34  Probe (Chrono Boost)  
  31  2:42  Probe (Chrono Boost)  
  31  2:44  Probe (Chrono Boost)  
  32  2:49  Probe x2 (Chrono Boost)  
  34  3:01  Adept, Probe x2  
  34  3:03  Gateway  
  38  3:15  Probe  
  38  3:16  Void Ray (Chrono Boost)  
  38  3:17  Probe  
  44  3:26  Pylon  
  44  3:31  Probe  
  45  3:40  Adept, Probe  
  46  3:45  Probe  
  45  3:48  Gateway  
  45  3:51  Gateway  
  45  3:52  Probe  
  46  3:57  Oracle (Chrono Boost), Probe  
  46  4:00  Twilight Council  
  50  4:04  Probe  
  50  4:08  Assimilator  
  50  4:09  Probe  
  52  4:12  Assimilator, Pylon  
  52  4:15  Adept  
  54  4:22  Pylon  
  54  4:24  Pylon  
  54  4:30  Probe x2  
  56  4:32  Robotics Facility  
  56  4:41  Dark Shrine  
  56  4:42  Probe  
  56  4:43  Probe  
  58  4:54  Probe  
  58  4:55  Probe  
  60  5:00  Adept x2  
  60  5:04  Nexus  
  60  5:06  Pylon  
  64  5:10  Probe  
  65  5:17  Probe  
  65  5:19  Warp Prism (Chrono Boost), Pylon  
  63  5:22  Probe  
  63  5:24  Zealot  
  63  5:27  Zealot  
  68  5:30  Charge (Chrono Boost)  
  68  5:32  Probe  
  68  5:33  Shield Battery  
  69  5:37  Probe  
  70  5:46  Gateway  
  70  5:48  Observer (Chrono Boost)  
  70  5:49  Gateway  
  71  5:55  Probe  
  72  6:00  Zealot x4  
  79  6:04  Probe  
  79  6:07  Probe  
  80  6:12  Immortal (Chrono Boost)  
  84  6:26  Dark Templar x3  
  84  6:27  Dark Templar  
  84  6:32  Dark Templar  
  92  6:33  Probe x2  
  92  6:38  Archon x2, Forge  
  92  6:39  Probe  
  95  6:45  Probe x2  
  95  6:46  Unknown  
  97  6:48  Immortal (Chrono Boost)  
  97  6:49  Sentry x2  
  105  6:56  Phoenix, Probe  
  105  6:58  Probe  
  109  7:03  Pylon  
  109  7:05  Pylon  
  109  7:12  Protoss Ground Weapons Level 1 (Chrono Boost)  
  109  7:21  Gateway, Probe x2  
  111  7:23  Gateway, Phoenix, Pylon  
  113  7:31  Immortal (Chrono Boost)  
  113  7:34  Nexus  
  113  7:35  Pylon  
  117  7:39  Zealot x4  
  124  7:48  Phoenix x2  
  126  7:55  Probe  
  126  7:56  Probe x2  
  128  7:58  Photon Cannon  
  128  8:05  Shield Battery  
  128  8:07  Photon Cannon, Probe  
  128  8:10  Forge  
  128  8:11  Photon Cannon  
  128  8:12  Pylon  
  129  8:13  Pylon, Phoenix (Chrono Boost)  
  131  8:24  Probe x2  
  131  8:25  Probe  
  134  8:29  Robotics Facility  
  134  8:32  Shield Battery  
  134  8:33  Photon Cannon  
  130  8:34  Pylon  
  132  8:45  Stargate  
  132  8:47  Stalker x3  
  132  8:48  Pylon  
  136  8:49  Phoenix (Chrono Boost)  
  136  8:50  Pylon  
  136  8:57  Stalker x4  
  133  9:18  Dark Templar, Zealot x3  
  141  9:26  Templar Archives  
  141  9:27  Adept  
  141  9:28  Probe  
  141  9:29  Phoenix  
  145  9:35  Stalker x3  
  147  9:44  Stargate  
  143  9:51  Stalker x4  
  143  9:52  Stalker  
  143  9:57  Probe x2  
  141  10:12  Stargate  
  135  10:15  Stargate  
  135  10:18  Probe  
  135  10:20  Assimilator  
  132  10:24  Stalker  
  132  10:25  Assimilator  
  132  10:26  Stalker x5  
  132  10:27  Stalker x2  
  110  10:49  Stalker x2  
Show
View Real Time Build Order
Export as new Build Order

DRG Zerg - Winner!

Build Orders: Hatch First 

Get SALT Encoding   

  12  0:00  Drone  
  13  0:12  Overlord  
  13  0:17  Drone  
  14  0:30  Drone x2  
  14  0:34  Drone  
  17  0:52  Hatchery  
  17  0:54  Drone  
  17  0:58  Drone  
  18  1:06  Drone  
  18  1:08  Extractor  
  18  1:15  Spawning Pool  
  18  1:18  Drone  
  18  1:28  Drone  
  19  1:39  Drone  
  20  1:49  Overlord  
  20  2:03  Queen  
  20  2:04  Queen  
  20  2:06  Drone x2  
  26  2:11  Metabolic Boost  
  26  2:16  Zergling x4  
  28  2:26  Drone x2  
  30  2:35  Zergling x2  
  30  2:37  Zergling x2  
  32  2:39  Queen  
  34  2:44  Hatchery  
  34  2:48  Overlord  
  33  2:51  Zergling x2  
  33  2:58  Drone x2  
  36  3:05  Overlord  
  36  3:06  Queen  
  38  3:13  Drone x4  
  38  3:17  Overlord  
  38  3:19  Queen  
  42  3:25  Drone  
  45  3:29  Drone x3  
  45  3:31  Drone  
  47  3:35  Spore Crawler  
  47  3:37  Drone  
  46  3:43  Drone x3  
  49  3:49  Spore Crawler  
  49  3:50  Overlord  
  49  3:53  Overlord  
  48  3:57  Queen  
  51  4:02  Zergling x2  
  51  4:03  Zergling x6  
  51  4:09  Spore Crawler  
  53  4:10  Drone x3  
  53  4:15  Drone x3  
  59  4:18  Drone x3  
  59  4:23  Queen  
  64  4:28  Drone x2  
  64  4:30  Unknown  
  65  4:32  Drone x3  
  65  4:33  Drone  
  65  4:34  Drone  
  70  4:39  Overlord  
  70  4:41  Overlord  
  70  4:45  Zergling x2  
  70  4:48  Lair  
  70  4:49  Overlord  
  70  4:50  Drone  
  70  4:51  Drone  
  73  4:57  Extractor, Overlord  
  73  4:58  Extractor  
  73  4:59  Overlord  
  71  5:02  Drone  
  71  5:03  Drone  
  71  5:06  Zergling x6  
  76  5:12  Zergling x6  
  79  5:16  Zergling x6  
  79  5:19  Drone, Extractor  
  80  5:23  Zergling x8  
  80  5:26  Overlord, Hatchery  
  81  5:31  Overlord  
  81  5:32  Evolution Chamber  
  80  5:40  Overlord  
  80  5:43  Overlord  
  80  5:46  Hatchery  
  80  5:48  Overlord  
  80  5:49  Drone x5  
  85  5:51  Overseer  
  85  5:52  Spire  
  80  6:04  Zerg Missile Weapons Level 1  
  80  6:06  Drone x7, Roach Warren  
  80  6:09  Overlord  
  80  6:11  Overlord  
  86  6:14  Overlord  
  86  6:21  Queen x2  
  90  6:28  Spine Crawler  
  90  6:29  Zergling x10  
  94  6:46  Overlord  
  94  6:47  Roach x10  
  94  6:49  Glial Reconstitution  
  114  6:58  Roach x5  
  124  7:05  Overlord  
  124  7:09  Drone x6  
  124  7:14  Overseer  
  125  7:18  Overlord  
  125  7:20  Drone x7, Extractor  
  131  7:23  Extractor, Overlord  
  131  7:27  Overlord x2  
  130  7:41  Spore Crawler  
  129  7:48  Zerg Flyer Weapons Level 1  
  129  7:49  Mutalisk x5  
  129  7:50  Mutalisk x4  
  147  7:56  Mutalisk x3  
  153  8:03  Mutalisk x3  
  159  8:09  Drone x5  
  163  8:15  Zerg Missile Weapons Level 2  
  163  8:20  Mutalisk x4  
  170  8:33  Mutalisk x2  
  174  8:42  Mutalisk x4, Hatchery  
  173  8:50  Mutalisk x2  
  173  8:53  Drone x2  
  178  8:57  Zergling x14, Hydralisk Den  
  184  9:08  Mutalisk x3  
  176  9:14  Zergling x2  
  176  9:15  Zergling x10  
  182  9:24  Zergling x12  
  182  9:30  Grooved Spines  
  188  9:34  Infestation Pit  
  188  9:35  Roach  
  188  9:36  Roach x5  
  188  9:44  Roach x6  
  197  9:55  Drone x2  
  197  9:56  Drone x2  
  197  9:57  Lurker Den  
  195  10:13  Roach x3  
  196  10:28  Zergling x8  
  199  10:35  Zergling x18  

Tags
 
Add a new tag
Caveats
  • Supply blocks, unpowered buildings, or Contaminate may cause inaccurate times.
  • Supply counts are checked every 10 seconds.